 Dungeon Crawl Stone Soup version 0.31-a0-435-g2c6fae2916 (webtiles) character file.

Game seed: 16981077760640841165

303 Newt the Poker (level 6, -5/49 HPs)
             Began as a Merfolk Shapeshifter on Aug 1, 2023.
             Slain by an ogre
             ... wielding a +0 giant club
              (32 damage)
             ... on level 4 of the Dungeon.
             The game lasted 00:02:39 (2857 turns).

Newt the Poker (Merfolk Shapeshifter)               Turns: 2857, Time: 00:02:40

Health: -5/49      AC:  2    Str: 17    XL:     6   Next: 38%
Magic:  6/6        EV: 12    Int:  7    God:
Gold:   186        SH:  0    Dex: 15    Spells: 5/5 levels left

rFire   . . .        k - +1 spear (vamp)
rCold   . . .        (no shield)
rNeg    . . .        a - +0 animal skin
rPois   .            (helmet currently unavailable)
rElec   .            (cloak currently unavailable)
rCorr   .            (gloves currently unavailable)
SInv    .            (boots currently unavailable)
Will    .....        (no amulet)
Stlth   +            (no ring)
HPRegen 0.28/turn    (no ring)
MPRegen 0.10/turn

%: no passive effects
@: beast-form
A: beast (slay +3), (nimble swimmer 2), mertail
a: Begin Untransformation


You were on level 4 of the Dungeon.
You were a hulking beast.
You visited 1 branch of the dungeon, and saw 4 of its levels.

You collected 186 gold pieces.

Inventory:

Hand Weapons
 f - a +0 mace
 k - a +1 vampiric spear (weapon)
Missiles
 i - 10 poisoned darts
Armour
 a - a +0 animal skin (worn)
 g - a +0 cloak
Talismans
 c - a beast talisman (active)
Scrolls
 d - 2 scrolls of enchant weapon
Potions
 b - a potion of lignification
 e - a potion of heal wounds {unknown}
 h - 3 potions of curing {unknown}
 j - 2 potions of haste {unknown}
 l - 2 potions of attraction {unknown}
 m - 2 potions of enlightenment {unknown}
 o - a potion of might {unknown}
 q - a potion of resistance {unknown}


   Skills:
 - Level 4.7 Fighting
 - Level 5.0 Polearms
 - Level 2.6 Dodging
 - Level 3.2 Unarmed Combat
 + Level 4.6 Shapeshifting


You had 5 spell levels left.
You didn't know any spells.
Your spell library contained the following spells:

 Spells                   Type           Power      Damage    Failure   Level
 Portal Projectile        Hex/Tloc       0%         N/A       80%         3
 Tukima's Dance           Hex            0%         N/A       80%         3
 Iskenderun's Mystic Bla  Conj/Tloc      0%         2d3       99%         4


Dungeon Overview and Level Annotations

Branches:
Dungeon (4/15)
 Temple: D:4-7

Altars:
Fedhas


Innate Abilities, Weirdness & Mutations

You are a hulking beast.
Your limbs bulge with bestial killing power. (Slay +3)
((You are very nimble when in or above water. (Stealth+, EV+, Speed+++)))
Your lower body shifts to a powerful aquatic tail in water.


Message History

The orc wizard shouts!
You open the door. 2 ogres come into view.
There are monsters nearby!
There are monsters nearby!
The ogre shouts!
There is an open door here.
The ogre shouts!
You reach to attack!
You completely miss the ogre.
There is an open door here.
The ogre attacks as you move away! The ogre barely misses you.
You hit the ogre.
The ogre is lightly wounded.
The ogre closely misses you.
You puncture the ogre!
The ogre is moderately wounded.
You puncture the ogre!
The ogre is severely wounded.
You hit the ogre.
The ogre is almost dead.
The ogre barely misses you.
You hit the ogre.
You kill the ogre!
The ogre hits you with a +0 giant club!!
Training target 5.0 for Polearms reached!
Your Polearms skill increases to level 5!
You need to enable at least one skill for training.
Unknown command.
You puncture the ogre!
The ogre is moderately wounded.
You hit the ogre.
You feel better.
The ogre is heavily wounded.
The ogre closely misses you.
You barely miss the ogre.
The ogre is heavily wounded.
You barely miss the ogre.
The ogre is heavily wounded.
The ogre hits you with a +0 giant club!!
Ouch! That really hurt!
You die...

#.. ##.###
#.. #...#
########.#
..#......#
.#.....)#
#..##..#
#..##..#
#......#
#...)h.#
######O##
.o#.....#
. #.....#
#..#..#
+.....#
#.....#
#######


You could see an ogre.

Vanquished Creatures
  An ogre (D:4)
  A scorpion (D:3)
  A hound (D:4)
  5 adders
  2 worms (D:2)
  8 dart slugs
  5 ball pythons
  7 endoplasms
  A giant cockroach (D:4)
  6 goblins
  8 hobgoblins
  2 kobolds (D:1)
  7 quokkas
  7 bats
  3 frilled lizards
  4 rats
68 creatures vanquished.

Notes
Turn   | Place    | Note
-------+----------+-------------------------------------------
     0 | D:1      | Newt the Merfolk Shapeshifter began the quest for the Orb.
     0 | D:1      | Reached XP level 1. HP: 15/15 MP: 1/1
   208 | D:1      | Reached XP level 2. HP: 14/23 MP: 2/2
   246 | D:1      | Found a faded altar of an unknown god.
   632 | D:2      | Reached XP level 3. HP: 29/29 MP: 3/3
   795 | D:2      | Identified the +0 hand axe "Moedgh" {freeze, rN++}
  1071 | D:2      | Reached XP level 4. HP: 28/37 MP: 4/4
  1662 | D:3      | Reached skill level 1 in Polearms
  1824 | D:3      | Noticed a scorpion
  1840 | D:3      | Killed a scorpion
  1841 | D:3      | Reached skill level 3 in Polearms
  1841 | D:3      | Reached XP level 5. HP: 7/43 MP: 5/5
  2125 | D:3      | Found a blossoming altar of Fedhas.
  2349 | D:3      | Reached skill level 4 in Polearms
  2830 | D:4      | Noticed a steam dragon
  2837 | D:4      | Reached XP level 6. HP: 49/49 MP: 6/6
  2854 | D:4      | Reached skill level 5 in Polearms
  2857 | D:4      | Slain by an ogre

Illustrated notes

Levels and vault maps discovered:
D:1:      giann_wishing_wells, layout_basic,
          shapermc_ecumenical_altar_totnotflames
D:2:      layout_basic
D:3:      layout_rooms, fedhas_altar_3, nicolae_concentric_dashed_squares_wild,
          minmay_bisected
D:4:      minmay_clustersquares, layout_basic, minmay_misc_feat_iff,
          minmay_starry_boxes

Skill      XL: |  1  2  3  4  5  6 |
---------------+-------------------+-----
Fighting       | 2 3 4 |  4.7
Polearms       | 3 4 5 |  5.0
Dodging        | |  2.6
Unarmed Combat | |  3.2
Shapeshifting  | |  4.6

Action                     |  1- 3 |  4- 6 || total
---------------------------+-------+-------++-------
  Melee: Unarmed           |    18 |       ||    18
         Mace              |    14 |       ||    14
         Spear             |    56 |   119 ||   175
         Punch             |     1 |       ||     1
    Use: Scroll            |     2 |     4 ||     6
   Stab: Sleeping          |       |     3 ||     3
 Armour: Animal skin       |     8 |    15 ||    23
  Dodge: Dodged            |    37 |    63 ||   100

Table legend: (Time is in decaauts)
 A = Elapsed time spent in this place.
 B = Non-inter-level travel time spent in this place.
 C = Inter-level travel time spent in this place.
 D = Time resting spent in this place.
 E = Time spent auto-exploring this place.
 F = Levels seen in this place.
 G = Mean time per level.
                   A        B        C        D        E       F      G
               +--------+--------+--------+--------+--------+-----+--------+
         Total |   2865 |   2798 |     67 |    875 |   1448 |   4 |  716.2 |
       Dungeon |   2865 |   2798 |     67 |    875 |   1448 |   4 |  716.2 |
               +--------+--------+--------+--------+--------+-----+--------+

Top non-repeatable levels by time:
     D:2: 1006 daAuts
     D:3: 932 daAuts
     D:1: 630 daAuts
     D:4: 296 daAuts
